 Dungeon Crawl Stone Soup version 0.23.2-1-ga50397a (webtiles) character file.

Game seed: 1791520279901659659

15113 teukkam the Protected (level 11, -3/97 HPs)
             Began as a Minotaur Fighter on May 14, 2019.
             Was a High Priest of Nemelex Xobeh.
             Slain by a blink frog (4 damage)
             ... on level 2 of the Lair of Beasts on May 17, 2019.
             The game lasted 00:57:47 (9888 turns).

teukkam the Protected (Minotaur Fighter)            Turns: 9888, Time: 00:57:48

Health: -3/97      AC:  6    Str: 36    XL:     11   Next: 97%
Magic:  14/14      EV:  8    Int: 10    God:    Nemelex Xobeh [*****.]
Gold:   697        SH: 21    Dex:  9    Spells: 9/10 levels left

rFire    x . .     SeeInvis +   a - +3 spear of Kulysuha {holy, +Inv rF- SInv}
rCold    . . .     Gourm    .   v - +1 large shield
rNeg     . . .     Faith    .   C - +2 leather armour "Kayxka" {*Drain rElec Regen+ Str+3}
rPois    .         Spirit   .   (helmet restricted)
rElec    +         Reflect  .   (no cloak)
rCorr    .         Harm     .   (no gloves)
MR       .....                  (no boots)
Stlth    +.........             (no amulet)
HPRegen  0.66/turn              t - +2 ring of strength
MPRegen  0.14/turn              T - +6 ring of strength

@: brilliant, marked, very slightly contaminated, invisible
A: retaliatory headbutt, horns 2
a: Draw Escape, Draw Destruction, Draw Summoning, Triple Draw, Deal Four, Stack
Five, Renounce Religion


You were on level 2 of the Lair of Beasts.
You worshipped Nemelex Xobeh.
Nemelex Xobeh was extremely pleased with you.
You were very hungry.

You visited 3 branches of the dungeon, and saw 14 of its levels.
You also visited: Sewer.

You collected 697 gold pieces.

Inventory:

Hand Weapons
 a - the +3 spear of Kulysuha (weapon) {holy, +Inv rF- SInv}
   (You found it on level 6 of the Dungeon)

   It has been blessed by the Shining One to cause great damage to the undead
   and demons.
   It makes you vulnerable to fire.
   It lets you see invisible.
   It lets you turn invisible.
 b - a +1 hunting sling
 j - a +0 war axe
 n - a +0 dagger of protection
 s - a +1 antimagic short sword
 x - a +2 dagger of venom
 z - a +0 blowgun
 A - a +0 club
 G - a +3 flail of pain
 M - a +1 trident of venom
Missiles
 p - 355 stones (quivered)
 u - 6 curare-tipped needles
 y - 48 poisoned needles
 F - 5 throwing nets
 H - 6 tomahawks
 J - 4 javelins
 W - 12 sling bullets
Armour
 v - a +1 large shield (worn)
 C - the +2 leather armour "Kayxka" (worn) {*Drain rElec Regen+ Str+3}
   (You found it on level 6 of the Dungeon)

   It affects your strength (+3).
   It insulates you from electricity.
   It increases your rate of regeneration.
   It causes draining when unequipped.
Jewellery
 c - an uncursed ring of resist corrosion
 t - a +2 ring of strength (left hand)
 L - an uncursed ring of wizardry
 P - a +3 ring of evasion
 T - a +6 ring of strength (right hand)
Wands
 I - a wand of flame (9)
 U - a wand of paralysis (4)
 V - a wand of digging (8)
 X - a wand of random effects (25)
 Y - a wand of polymorph (6)
Scrolls
 e - 7 scrolls of enchant armour
 g - a scroll of magic mapping
 h - 2 scrolls of immolation
 i - 4 scrolls of teleportation
 k - 9 scrolls of identify
 l - a scroll of fear
 o - 7 scrolls of remove curse
 N - 2 scrolls of amnesia {unknown}
 Q - 2 scrolls of blinking {unknown}
 R - a scroll of random uselessness {unknown}
 S - a scroll of brand weapon {unknown}
Potions
 d - 2 potions of might
 m - a potion of curing
 r - 2 potions of brilliance
 K - a potion of haste {unknown}
 O - 2 potions of degeneration {unknown}
Comestibles
 f - 13 rations
 Z - 2 chunks of flesh


   Skills:
 + Level 9.5 Fighting
 - Level 1.7 Short Blades
 + Level 8.8(10.2) Axes
 + Level 8.4(10.1) Polearms
 + Level 7.7 Slings
 + Level 9.7 Armour
 + Level 9.5 Shields
 - Level 0.1 Necromancy
 + Level 5.6 Invocations
 + Level 5.2 Evocations


You had 9 spell levels left.
You knew the following spells:

 Your Spells              Type           Power        Failure   Level  Hunger
a - Animate Skeleton      Necr           N/A          28%         1    ##.....

Your spell library contained the following spells:

 Spells                   Type           Power        Failure   Level  Hunger
 Apportation              Tloc           #.....       30%         1    ##.....
 Confusing Touch          Hex            #.....       30%         1    ##.....
 Magic Dart               Conj           #...         30%         1    ##.....
 Summon Small Mammal      Summ           #...         30%         1    ##.....
 Blink                    Tloc           N/A          41%         2    ###....
 Call Imp                 Summ           #.......     41%         2    ###....
 Slow                     Hex            #.......     41%         2    ###....
 Conjure Flame            Conj/Fire      #.......     61%         3    ####...
 Mephitic Cloud           Conj/Pois/Air  #.......     61%         3    ####...


Dungeon Overview and Level Annotations

Branches:
Dungeon (10/15)            Temple (1/1) D:4            Lair (3/6) D:10
  Swamp: Lair:2-4    Shoals: Lair:2-4     Snake: Lair:2-4    Spider: Lair:2-4
    Orc: D:9-12

Altars:
Ashenzari
Cheibriados
Dithmenos
Elyvilon
Fedhas
Gozag
Hepliaklqana
Kikubaaqudgha
Makhleb
Nemelex Xobeh
Okawaru
Qazlal
Ru
Sif Muna
Trog
Uskayaw
Vehumet
Wu Jian
Xom
Yredelemnul
Zin
The Shining One

Shops:
D:5 (


Innate Abilities, Weirdness & Mutations

You reflexively headbutt those who attack you in melee.
You have a pair of horns on your head.


Message History

* * * LOW HITPOINT WARNING * * *
The blink frog blinks!
The yak is engulfed in blazing flames.
You block the blink frog's attack.
As you read the scroll labeled XITI FAEWUNYAMAWN, it crumbles to dust.
It is a scroll of enchant weapon.
Your +0 hunting sling glows red for a moment.
The blink frog is engulfed in freezing vapours.
The blink frog hits you!
* * * LOW HITPOINT WARNING * * *
Okay, then.
You draw a card...
You have drawn the Cloud.
Clouds appear around you!
The blink frog is engulfed in freezing vapours.
You block the blink frog's attack. The blink frog hits you!
* * * LOW HITPOINT WARNING * * *
The blink frog blinks!
The blink frog closely misses you.
The yak is engulfed in blazing flames.
The blink frog is engulfed in freezing vapours.
The blink frog seems to slow down.
The blink frog hits you.
You die...
Your body glows with a rainbow of weird colours and disappears.

##......................
#.#...............§☼§..
######...........°°☼○..
##...........☼YY°..
#..........☼°§°○○..
#.........☼§Y§.....
##........○Y○○.....
#####......○§○F○..F...
####.#...)....○§@☼°.$....
..............○F☼........
..............§§☼........
............†#...........
..............##.........
...............#.........
........#......#.........
.......##...............#
.......######..#......


You could see 4 yaks and 3 blink frogs.

Vanquished Creatures
  Harold (Lair:2)
  An ugly thing (D:10)
  A black mamba (Lair:2)
  3 spiny frogs
  A komodo dragon (D:10)
  A rime drake (Lair:1)
  A meliai (Lair:1)
  A queen bee (D:8)
  2 trolls
  A hornet (D:9)
  9 blink frogs
  2 hippogriffs
  9 yaks
  A fire bat (Lair:2)
  A golden eye (Lair:1)
  A steam dragon (D:10)
  A basilisk (Lair:1)
  Edmund (D:4)
  An acid dragon (Lair:1)
  2 porcupines
  Duvessa (D:7)
  3 water moccasins
  3 orc warriors
  A sky beast (D:5)
  5 ice beasts
  A phantom (D:5)
  An eye of draining (D:10)
  7 wolves
  3 centaurs
  6 big kobolds (Sewer)
  2 crocodiles
  5 bullfrogs
  Dowan (D:7)
  2 scorpions
  22 killer bees
  3 wights (D:9)
  2 electric eels (D:10)
  A crimson imp (D:7)
  3 bullfrog zombies
  6 hounds
  A jelly (D:5)
  A centaur zombie (D:7)
  An orc priest (D:6)
  A centaur skeleton (D:9)
  4 iguanas
  5 orc wizards
  7 worker ants
  A hound skeleton (D:7)
  Robin (D:3)
  A worker ant zombie (D:8)
  3 gnolls (D:3)
  A howler monkey skeleton (D:6)
  12 adders
  A shadow imp (D:7)
  2 white imps (D:10)
  An ufetubus (D:10)
  6 oozes
  2 adder skeletons
  4 worms
  7 leopard geckos
  11 orcs
  5 giant cockroaches
  12 goblins
  7 hobgoblins
  4 jackals (D:7)
  12 kobolds
  5 ball pythons
  6 bats
  9 frilled lizards
  A jackal zombie (D:7)
  A quokka skeleton (D:5)
  A quokka zombie (D:5)
  10 rats
265 creatures vanquished.

Vanquished Creatures (collateral kills)
  Grinder (D:3)
  A hippogriff (D:10)
  2 yaks (D:9)
  An orc warrior (D:9)
  2 ice beasts (D:10)
  2 hounds
  A bullfrog skeleton (D:9)
  A hound skeleton (D:9)
  2 white imps (D:10)
  An orc (D:9)
  A giant cockroach (D:3)
  3 goblins (D:3)
  2 hobgoblins (D:3)
  A jackal (D:7)
  A frilled lizard (D:3)
22 creatures vanquished.

Vanquished Creatures (others)
  A troll (Lair:1)
  A hornet (Lair:1)
  A yak (D:10)
  An ice beast (D:10)
  A porcupine (Lair:1)
  A crocodile (Lair:2)
  An orc priest (D:9)
  Terence (D:3)
  A ball lightning (D:9)
  A dart slug (D:3)
  An orc (D:10)
  2 fungi (Lair:2)
  8 plants
21 creatures vanquished.

Grand Total: 308 creatures vanquished

Notes
Turn   | Place    | Note
-------+----------+-------------------------------------------
     0 | D:1      | teukkam the Minotaur Fighter began the quest for the Orb.
     0 | D:1      | Reached XP level 1. HP: 19/19 MP: 0/0
   213 | D:2      | Reached XP level 2. HP: 25/27 MP: 1/1
   340 | D:2      | Reached skill level 1 in Short Blades
   342 | D:2      | Reached XP level 3. HP: 25/33 MP: 2/2
   595 | D:2      | Found a sparkling altar of Nemelex Xobeh.
   599 | D:2      | Became a worshipper of Nemelex Xobeh the Trickster
   617 | D:2      | Received a gift from Nemelex Xobeh
  1421 | D:3      | Noticed Terence
  1424 | D:3      | Killed Terence
  1424 | D:3      | Reached XP level 4. HP: 41/41 MP: 3/3
  1469 | D:3      | Noticed Robin
  1485 | D:3      | Killed Robin
  1485 | D:3      | Reached skill level 1 in Slings
  1518 | D:3      | Found a glowing drain.
  1520 | D:3      | Reached * piety under Nemelex Xobeh
  1528 | Sewer    | Entered a sewer
  1752 | Sewer    | Noticed a big kobold
  1752 | Sewer    | Noticed a big kobold
  1766 | Sewer    | Killed a big kobold
  1766 | Sewer    | Reached skill level 1 in Polearms
  1766 | Sewer    | Reached XP level 5. HP: 36/47 MP: 4/4
  1769 | Sewer    | Reached XP level 6. HP: 39/55 MP: 5/5
  1985 | Sewer    | Reached skill level 5 in Fighting
  2233 | Sewer    | Reached skill level 5 in Shields
  2324 | Sewer    | Reached skill level 5 in Armour
  2502 | Sewer    | Reached XP level 7. HP: 58/61 MP: 6/6
  2848 | D:3      | Received a gift from Nemelex Xobeh
  2938 | D:3      | Noticed Grinder
  2941 | D:3      | Paralysed by Grinder for 6 turns
  2951 | D:3      | Killed Grinder
  3188 | D:4      | Noticed Edmund
  3197 | D:4      | Killed Edmund
  3267 | D:4      | Reached ** piety under Nemelex Xobeh
  3496 | D:4      | Found a staircase to the Ecumenical Temple.
  3498 | D:4      | Received a gift from Nemelex Xobeh
  3505 | Temple   | Entered the Ecumenical Temple
  3910 | D:4      | Reached XP level 8. HP: 70/70 MP: 7/7
  4087 | D:5      | Entered Level 5 of the Dungeon
  4429 | D:5      | Reached skill level 5 in Axes
  4468 | D:5      | Found Ucvoiczu's Weapon Shoppe.
  4497 | D:5      | Learned a level 1 spell: Animate Skeleton
  4532 | D:5      | Reached *** piety under Nemelex Xobeh
  4798 | D:6      | Received a gift from Nemelex Xobeh
  4826 | D:6      | Got a diamond-encrusted leather armour
  4837 | D:6      | Identified the +2 leather armour "Kayxka" {*Drain rElec
                  | Regen+ Str+3} (You found it on level 6 of the Dungeon)
  4990 | D:6      | Got a warped spear
  4991 | D:6      | Identified the +3 spear of Kulysuha {holy, +Inv rF- SInv}
                  | (You found it on level 6 of the Dungeon)
  5108 | D:6      | Found a sparkling altar of Nemelex Xobeh.
  5227 | D:7      | Received a gift from Nemelex Xobeh
  5259 | D:7      | Reached skill level 1 in Invocations
  5310 | D:7      | Reached skill level 1 in Evocations
  5381 | D:7      | Received a gift from Nemelex Xobeh
  5382 | D:7      | Reached skill level 5 in Polearms
  5500 | D:7      | Noticed Dowan
  5502 | D:7      | Noticed Duvessa
  5517 | D:7      | Killed Dowan
  5525 | D:7      | Killed Duvessa
  5525 | D:7      | Reached XP level 9. HP: 47/78 MP: 7/9
  5881 | D:8      | Reached **** piety under Nemelex Xobeh
  5917 | D:8      | Found a hazy altar of Hepliaklqana.
  5948 | D:8      | Noticed a queen bee
  5971 | D:8      | Reached skill level 5 in Slings
  5971 | D:8      | Killed a queen bee
  6370 | D:8      | Received a gift from Nemelex Xobeh
  6476 | D:8      | Found an ornate altar of the Wu Jian Council.
  6795 | D:9      | Noticed a troll
  6803 | D:9      | Killed a troll
  6953 | D:9      | Reached XP level 10. HP: 86/86 MP: 11/11
  7100 | D:9      | Found a deep blue altar of Sif Muna.
  7176 | D:9      | Found a bloodstained altar of Trog.
  7458 | D:9      | Received a gift from Nemelex Xobeh
  7556 | D:10     | Entered Level 10 of the Dungeon
  7811 | D:10     | Noticed a white ugly thing
  7848 | D:10     | Killed a white ugly thing
  7977 | D:10     | Reached XP level 11. HP: 89/95 MP: 13/13
  8135 | D:10     | Found a staircase to the Lair.
  8158 | Lair:1   | Entered Level 1 of the Lair of Beasts
  8213 | Lair:1   | Paralysed by a hornet for 1 turns
  8256 | Lair:1   | Received a gift from Nemelex Xobeh
  8403 | Lair:1   | Reached ***** piety under Nemelex Xobeh
  8775 | Lair:1   | Reached skill level 5 in Invocations
  8854 | Lair:1   | Received a gift from Nemelex Xobeh
  9294 | Lair:2   | Noticed Sonja
  9297 | Lair:2   | Noticed Sonja
  9297 | Lair:2   | Sonja changed into Sonja the crocodile
  9299 | Lair:2   | Killed Sonja the crocodile
  9382 | Lair:2   | Reached skill level 5 in Evocations
  9671 | Lair:2   | Received a gift from Nemelex Xobeh
  9835 | Lair:2   | Noticed Harold
  9856 | Lair:2   | Killed Harold
  9888 | Lair:2   | HP: 1/97 [blink frog (8)]
  9888 | Lair:2   | Slain by a blink frog

Skill      XL: |  1  2  3  4  5  6  7  8  9 10 11 |
---------------+----------------------------------+-----
Fighting       | 4 5 6 7 8 9 |  9.5
Short Blades   | 1 |  1.7
Armour         | 4 5 6 7 8 9 |  9.7
Shields        | 4 5 6 7 8 9 |  9.5
Slings         | 1 2 3 4 5 6 7 |  7.7
Axes           | 3 4 5 6 7 8 |  8.8
Polearms       | 1 2 3 5 6 7 8 |  8.4
Invocations    | 1 3 4 5 |  5.6
Evocations     | 1 2 4 5 |  5.2
Necromancy     | |  0.1

Action                   |  1- 3 |  4- 6 |  7- 9 | 10-12 || total
-------------------------+-------+-------+-------+-------++-------
Melee: Dagger            |    62 |       |       |       ||    62
       War axe           |     3 |       |       |       ||     3
       Headbutt          |     8 |    11 |    58 |    79 ||   156
       Trident           |       |    96 |   139 |       ||   235
       Spear             |       |       |   164 |   378 ||   542
 Fire: Hunting sling     |    11 |    47 |    29 |    32 ||   119
       Blowgun           |       |       |       |     4 ||     4
Throw: Stone             |       |       |     1 |       ||     1
 Abil: Draw Destruction  |     1 |     1 |     7 |    19 ||    28
       Draw Summoning    |       |     1 |     2 |     3 ||     6
       Evoke Invisibilit |       |       |     1 |     3 ||     4
       Draw Escape       |       |       |     3 |     4 ||     7
Evoke: Wand              |       |       |     1 |       ||     1
  Use: Scroll            |     2 |       |     4 |     3 ||     9
       Potion            |       |       |     4 |    12 ||    16
 Stab: Petrified         |       |       |     4 |       ||     4
       Paralysed         |       |       |     3 |       ||     3
       Invisible         |       |       |       |     5 ||     5
  Eat: Chunk             |     1 |       |    13 |     6 ||    20
       Ration            |       |     1 |     1 |     1 ||     3
Armor: Scale mail        |    23 |    53 |    12 |       ||    88
       Leather armour    |       |       |    30 |    44 ||    74
       Skin              |       |       |       |    27 ||    27
Dodge: Dodged            |    14 |    19 |    56 |    99 ||   188
Block: Shield            |    13 |       |       |       ||    13
       Large shield      |    27 |   106 |   252 |   361 ||   746
